 Dungeon Crawl Stone Soup version 0.18.1-48-g4cf74bf (webtiles) character file.

37 Joat the Firebug (level 3, 0/24 HPs)
             Began as a Demonspawn Fire Elementalist on July 27, 2016.
             Slain by an adder (4 damage)
             ... on level 2 of the Dungeon.
             The game lasted 00:10:07 (1130 turns).

Joat the Firebug (Demonspawn Fire Elementalist)     Turns: 1130, Time: 00:10:08

Health: 0/24       AC:  3    Str:  8    XL:     3   Next: 23%
Magic:  0/6        EV: 12    Int: 17    God:
Gold:   113        SH:  0    Dex: 13    Spells: 2 memorised, 3 levels left

rFire  . . .     SeeInvis .     s - +0 quarterstaff
rCold  + . .     Gourm    .     r - +0 robe
rNeg   . . .     Faith    .     (shield currently unavailable)
rPois  .         Spirit   .     (no helmet)
rElec  .         Dismiss  .     (no cloak)
rCorr  .         Reflect  .     h - +0 pair of gloves
SustAt .         Harm     .     (no boots)
MR     .....                    (no amulet)
Stlth  ++........               (no ring)
                                (no ring)

@: lethally poisoned (0 -> -4), not resistant to hostile enchantments,
unstealthy
A: cold resistance 1
a: no special abilities


You were on level 2 of the Dungeon.
You were hungry.

You visited 1 branch of the dungeon, and saw 2 of its levels.

You collected 113 gold pieces.

Inventory:

Hand Weapons
 j - a +0 dagger
 s - a +0 quarterstaff (weapon)
Missiles
 d - 18 poisoned needles
 e - 65 stones
 k - 74 bolts
 p - 3 javelins (quivered)
 q - 72 arrows
Armour
 a - a +0 robe
 h - a +0 pair of gloves (worn)
 r - a +0 robe (worn)
Scrolls
 f - 2 scrolls of enchant weapon {unknown}
 i - a scroll of recharging {unknown}
 n - 5 scrolls of identify {unknown}
 t - a scroll of magic mapping {unknown}
 u - 2 scrolls of teleportation {unknown}
Potions
 l - a potion of agility {unknown}
 m - a potion of cure mutation {unknown}
 w - a potion of curing {unknown}
 x - 2 potions of heal wounds {unknown}
Books
 b - a book of Flames

   Spells                             Type                      Level
   a - Flame Tongue                   Conjuration/Fire             1
   b - Throw Flame                    Conjuration/Fire             2
   c - Conjure Flame                  Conjuration/Fire             3
   d - Inner Flame                    Hexes/Fire                   3
   e - Sticky Flame                   Conjuration/Fire             4
   f - Fireball                       Conjuration/Fire             5
Comestibles
 c - a bread ration
 g - a meat ration
 o - 5 chunks of flesh
 v - 3 fruits


   Skills:
 - Level 1.7 Dodging
 - Level 1.7 Stealth
 - Level 2.0 Spellcasting
 + Level 2.9 Conjurations
 - Level 2.9 Fire Magic


You had 3 spell levels left.
You knew the following spells:

 Your Spells              Type           Power        Failure   Level  Hunger
a - Flame Tongue          Conj/Fire      ##...        10%         1    #......
b - Throw Flame           Conj/Fire      ##....       12%         2    ###....


Dungeon Overview and Level Annotations

Branches:
Dungeon (2/15)

Altars:


Innate Abilities, Weirdness & Mutations

Your flesh is cold resistant.


Message History

You feel sick. The adder bites you. The adder barely misses you.
You feel sick.
You feel sick. The adder bites you but does no damage.
You are feeling hungry.
You feel sick. The adder bites you.
* * * LOW HITPOINT WARNING * * *
* * * LOW HITPOINT WARNING * * *
You feel sick.
Casting: Flame Tongue
Confirm with . or Enter, or press ? or * to list all spells.
Aiming: Flame Tongue
Press: ? - help, Shift-Dir - straight line, f/p - adder
Aim: an adder (moderately wounded)
The flame tongue hits the adder.
The adder is severely wounded.
The adder barely misses you.
* * * LOW HITPOINT WARNING * * *
You feel sick. The adder bites you.
You die...

### ..# # #.# ##### #.# #(#
#...# ###.#####.#######
###...###....@S..........
####>......#.#.#####.######
..................##.#
####.......#...##.##.#
.........###...##.##.######.##
.#####...# #...##.##..........
##### #...##.##..#..%....
#..........#)###.#.
#รท.........#.#


You could see an adder.

Vanquished Creatures
  2 adders (D:2)
  A giant gecko (D:2)
  4 hobgoblins
  A jackal (D:1)
  5 bats
  A giant newt (D:2)
  A goblin (D:2)
  7 rats
22 creatures vanquished.

Notes
Turn   | Place    | Note
--------------------------------------------------------------
     0 | D:1      | Joat the Demonspawn Fire Elementalist began the quest for the Orb.
     0 | D:1      | Reached XP level 1. HP: 13/13 MP: 3/3
   784 | D:2      | Gained mutation: Your flesh is cold resistant. [demonic ancestry]
   784 | D:2      | Reached XP level 2. HP: 19/19 MP: 3/5
   832 | D:2      | Learned a level 2 spell: Throw Flame
   978 | D:2      | Reached XP level 3. HP: 24/24 MP: 1/6
  1130 | D:2      | Slain by an adder

Skill      XL: |  1  2 |
---------------+-------+-----
Conjurations   | 2 |  2.9
Dodging        | |  1.7
Stealth        | |  1.7
Spellcasting   | |  2.0
Fire Magic     | |  2.9

Action                   || total
-------------------------++-------
Melee: Unarmed           ||    13
       Quarterstaff      ||     3
Throw: Javelin           ||     9
 Cast: Flame Tongue      ||    18
       Throw Flame       ||     9
 Stab: Sleeping          ||     2
  Eat: Chunk             ||     1
Armor: Robe              ||     5
Dodge: Dodged            ||    20
